 Dungeon Crawl Stone Soup version 0.29-a0-529-gfa20dd96a1 (webtiles) character file.

Game seed: 1874621960329095194

14004 HoaS the Quickloader (level 12, -7/82 HPs)
             Began as a Kobold Hunter on June 1, 2022.
             Was a Priest of Makhleb.
             Mangled by Urug
             ... wielding a +3 double sword
              (13 damage)
             ... on level 11 of the Dungeon.
             The game lasted 00:25:56 (11614 turns).

HoaS the Quickloader (Kobold Hunter)               Turns: 11614, Time: 00:25:57

Health: -7/82      AC: 12    Str: 11    XL:     12   Next: 39%
Magic:  12/12      EV: 25    Int: 12    God:    Makhleb [***...]
Gold:   692        SH:  5    Dex: 23    Spells: 11/11 levels left

rFire   . . .      SeeInvis .   a - +4 hand crossbow
rCold   + . .      Faith    .   (no shield)
rNeg    . . .      Spirit   .   z - +0 troll leather armour
rPois   +          Reflect  +   p - +1 helmet
rElec   .          Harm     .   (no cloak)
rCorr   .          Rampage  .   w - +5 pair of gloves "Giuv" {rC+ Str+2 Int+2}
Will    .....                   (no boots)
Stlth   ++++......              g - amulet of reflection
HPRegen 1.03/turn               d - +4 ring of slaying
MPRegen 0.13/turn               q - ring of poison resistance

@: mighty, hasted, very quick
A: small, no large weapons, nightstalker 3
a: Renounce Religion, Minor Destruction, Lesser Servant of Makhleb


You were on level 11 of the Dungeon.
You worshipped Makhleb.
Makhleb was most pleased with you.
You visited 3 branches of the dungeon, and saw 14 of its levels.
You also visited: Ossuary.

You collected 944 gold pieces.
You spent 252 gold pieces at shops.

Inventory:

Hand Weapons
 a - a +4 hand crossbow (weapon)
Armour
 p - a +1 helmet (worn)
 w - the +5 pair of gloves "Giuv" (worn) {rC+ Str+2 Int+2}
   (You acquired it on level 10 of the Dungeon)

   Str:       It affects your strength (+2).
   Int:       It affects your intelligence (+2).
   rC:        It protects you from cold.
 z - a +0 troll leather armour (worn)
Jewellery
 d - a +4 ring of slaying (left hand)
 g - an amulet of reflection (around neck)
 q - a ring of poison resistance (right hand)
Wands
 r - a wand of digging (13)
 t - a wand of paralysis (4)
 x - a wand of iceblast (4)
Scrolls
 c - a scroll of immolation
 n - a scroll of silence
 s - a scroll of magic mapping
 v - a scroll of fog
Potions
 b - a potion of lignification {unknown}
 e - 4 potions of attraction
 f - 2 potions of haste
 h - a potion of invisibility
 i - a potion of resistance
 k - a potion of heal wounds {unknown}
 l - a potion of cancellation
 m - 8 potions of curing
 o - 4 potions of flight
 u - a potion of mutation {unknown}


   Skills:
 * Level 12.8 Fighting
 * Level 13.8 Crossbows
 * Level 13.3 Dodging
 - Level 6.0 Stealth


You had 11 spell levels left.
You didn't know any spells.
Your spell library contained the following spells:

 Spells                   Type           Power      Damage    Failure   Level
 Foxfire                  Conj/Fire      0%         2x1d4     41%         1
 Static Discharge         Conj/Air       0%         N/A       54%         2
 Conjure Flame            Conj/Fire      0%         6-21      78%         3
 Inner Flame              Hex/Fire       0%         N/A       78%         3
 Cause Fear               Hex            0%         N/A       99%         4
 Dispel Undead            Necr           0%         3d6       99%         4
 Flame Wave               Conj/Fire      0%         2d4       99%         4
 Sticky Flame             Conj/Fire      0%         2d3       99%         4
 Discord                  Hex            0%         N/A       100%        8


Dungeon Overview and Level Annotations

Branches:
Dungeon (12/15)            Temple (1/1) D:5            Lair (0/6) D:11
    Orc (1/2) D:11        Ossuary (visited)

Altars:
Ashenzari
Cheibriados
Dithmenos
Elyvilon
Fedhas
Gozag
Hepliaklqana
Kikubaaqudgha
Makhleb
Nemelex Xobeh
Okawaru
Qazlal
Ru
Sif Muna
Trog
Uskayaw
Vehumet
Wu Jian
Xom
Yredelemnul
Zin
The Shining One

Shops:
D:4 ?   D:9 =:=(

Annotations:
D:11 Urug


Innate Abilities, Weirdness & Mutations

You are small and have problems with some larger weapons.
You are completely attuned to the shadows.


Message History

The orc completely misses you.
The orc priest looks satisfied for a moment.
Urug completely misses you.
You shoot a bolt. The bolt hits Urug.
Urug is severely wounded.
The orc barely misses you. You block the orc's attack.
The orc priest completely misses you. Urug hits you with a +3 double sword.
You shoot a bolt. The bolt closely misses Urug.
The orc closely misses you. The orc hits you but does no damage.
The orc priest misses you. You block Urug's attack.
You shoot a bolt. The bolt hits Urug.
Urug is severely wounded.
The orc completely misses you. The orc barely misses you.
The orc priest completely misses you. Urug barely misses you.
You shoot a bolt. The bolt hits Urug!
Urug is almost dead.
The orc misses you. x2; Urug hits you with a +3 double sword!!
The orc priest calls down the wrath of Beogh upon you.
Pain shoots through your body!
You are too injured to fight recklessly!
You are too injured to fight recklessly!
You are too injured to fight recklessly!
You feel very mighty all of a sudden. The orc closely misses you.
The orc misses you. Urug misses you. The orc priest completely misses you.
You feel yourself speed up. The orc hits you but does no damage.
The orc misses you. You block the orc priest's attack.
Urug hits you with a +3 double sword!!
* * * LOW HITPOINT WARNING * * *
Shoot: a) +4 hand crossbow
Press: ? - help, Q - select action, (/) - cycle Shift-Dir - straight line, f/p - Urug
Aim: Urug, wielding a +3 double sword, wearing a +2 scale mail of positive energy and quivering javelins (almost dead, 74% to hit)
You shoot a bolt. The bolt hits Urug.
Urug is almost dead.
The orc barely misses you.
The orc priest mumbles some strange prayers to Beogh against you.
Pain shoots through your body!
* * * LOW HITPOINT WARNING * * *
The orc closely misses you. Urug hits you with a +3 double sword!
You die...

#.#...####..###.##.#...####
#...#..#.....#.#....##.....
###...#.##.##..############
##.##...#..##......#
###.....#.#.#...###..#
#.#..#..#.....#.##.### ##
##.#.##..#...#.#.###.## #.
#.###.#.##.o....##...# #.
#.##.#..#o@o.#..#..### #.
####.#...o)###......# #.
####.#.#.#..#.##.....#.# #.
#..#.#.#......###..#...# #.
#.#...##...####.#.#..#.######.
#.###......###....###..##.....
#.# #.#######.####.#.####.####
#.# ### ##### ####.# #.# #.#
#.#######.#.# #.#


You could see Urug, an orc priest and 2 orcs.

Vanquished Creatures
  6 two-headed ogres
  An ugly thing (D:11)
  A cyclops (D:11)
  A manticore (D:11)
  Joseph (D:7)
  An unseen horror (D:10)
  2 kobold demonologists
  5 trolls
  Grinder (D:3)
  A vampire (D:10)
  2 shadows
  A wraith (D:9)
  8 yaks
  A wyvern (D:11)
  2 steam dragons
  The ghost of Flippered the Slasher, an amateur HuWn of Trog (D:4)
  2 wargs (D:10)
  3 water moccasins
  An orc warrior (D:11)
  3 black bears
  2 ogres
  6 centaurs
  5 phantoms
  An elf zombie (Ossuary)
  2 kobold brigands
  6 bullfrogs
  A gnoll sergeant (D:7)
  2 necrophages
  A scorpion (D:5)
  5 wights
  2 troll zombies (D:11)
  8 killer bees
  3 howler monkeys
  3 centaur zombies (Ossuary)
  5 orc priests
  A jelly (D:5)
  A human zombie (Ossuary)
  8 hounds
  A gnoll shaman (D:8)
  3 iguanas
  3 orc wizards
  4 ogre zombies (D:11)
  A hound zombie (Ossuary)
  3 mummies (Ossuary)
  3 adders
  13 gnolls
  3 shadow imps
  An ufetubus (D:5)
  4 adder zombies (Ossuary)
  A dart slug (D:2)
  21 orcs
  3 bats
  4 endoplasms
  2 giant cockroaches (D:1)
  6 goblins
  3 hobgoblins
  3 jackals (D:1)
  16 kobolds
  4 quokkas
  4 ball pythons
  7 frilled lizards
  3 gnoll zombies (Ossuary)
  3 goblin skeletons (D:11)
  7 goblin zombies
  6 hobgoblin zombies
  4 jackal zombies (Ossuary)
  3 kobold zombies (Ossuary)
  An orc skeleton (D:11)
  10 orc zombies (D:11)
  6 quokka zombies (Ossuary)
  9 rats
  A rat zombie (Ossuary)
272 creatures vanquished.

Vanquished Creatures (others)
  2 plants (D:10)
2 creatures vanquished.

Grand Total: 274 creatures vanquished

Notes
Turn   | Place    | Note
-------+----------+-------------------------------------------
     0 | D:1      | HoaS the Kobold Hunter began the quest for the Orb.
     0 | D:1      | Reached XP level 1. HP: 12/12 MP: 1/1
   144 | D:1      | Reached XP level 2. HP: 17/17 MP: 2/2
   564 | D:1      | Reached XP level 3. HP: 21/21 MP: 3/3
   942 | D:2      | Identified a scroll of acquirement
   942 | D:2      | Acquired 280 gold pieces
   958 | D:2      | Found a faded altar of an unknown god.
  1194 | D:2      | Found a sacrificial altar of Ru.
  1595 | D:3      | Reached XP level 4. HP: 26/26 MP: 4/4
  1646 | D:3      | Noticed Grinder
  2187 | D:4      | Reached XP level 5. HP: 30/30 MP: 5/5
  2290 | D:4      | Found a runed translucent door.
  2290 | D:4      | Noticed Flippered's ghost (amateur HuWn)
  2322 | D:4      | Found Huech's Magic Scroll Boutique.
  2331 | D:4      | Bought a scroll of enchant weapon for 105 gold pieces
  2331 | D:4      | Bought a scroll of teleportation for 42 gold pieces
  2331 | D:4      | Bought a scroll of enchant armour for 105 gold pieces
  2373 | D:4      | Noticed an ogre
  2472 | D:4      | Killed an ogre
  2473 | D:4      | Reached XP level 6. HP: 35/35 MP: 6/6
  2518 | D:5      | Entered Level 5 of the Dungeon
  2644 | D:5      | Reached skill level 10 in Crossbows
  2653 | D:5      | Found a sand-covered staircase.
  2659 | Ossuary  | Entered an ossuary
  2778 | Ossuary  | Reached XP level 7. HP: 40/40 MP: 7/7
  3312 | D:3      | Paralysed by Grinder for 4 turns
  3317 | D:3      | Killed Grinder
  3318 | D:3      | Reached XP level 8. HP: 48/48 MP: 8/8
  3411 | D:3      | Reached skill level 5 in Fighting
  3560 | D:3      | Identified the +0 robe of the Trombone {+Blink rCorr Dex+6}
  3600 | D:4      | Reached skill level 5 in Dodging
  3634 | D:4      | Killed Flippered's ghost
  3752 | D:5      | Found a staircase to the Ecumenical Temple.
  3758 | Temple   | Entered the Ecumenical Temple
  4116 | Temple   | Became a worshipper of Makhleb the Destroyer
  4461 | D:5      | Reached XP level 9. HP: 53/56 MP: 9/9
  6090 | D:7      | Reached * piety under Makhleb
  6280 | D:7      | Noticed Joseph
  6281 | D:7      | Paralysed by Joseph for 3 turns
  6295 | D:7      | Killed Joseph
  6296 | D:7      | Reached XP level 10. HP: 54/66 MP: 10/10
  6328 | D:7      | Reached skill level 10 in Dodging
  6950 | D:8      | Reached skill level 10 in Fighting
  7258 | D:8      | Noticed a two-headed ogre
  7504 | D:8      | Killed a two-headed ogre
  7689 | D:8      | Found the amulet of Elemental Vulnerability {rPois rF--
                  | rC-- AC+8}
  7804 | D:9      | Found Xiowy's Book Boutique.
  7916 | D:9      | Found Ygidduno's Jewellery Shoppe.
  7937 | D:9      | Found Pereda's Antique Weapon Boutique.
  7972 | D:9      | Reached ** piety under Makhleb
  8426 | D:9      | Found Noacvyts's Jewellery Shop.
  8487 | D:9      | Noticed a two-headed ogre
  8569 | D:9      | Killed a two-headed ogre
  8570 | D:9      | Reached XP level 11. HP: 51/74 MP: 11/11
  8701 | D:9      | Reached skill level 5 in Stealth
  8757 | D:9      | Found an ornate altar of the Wu Jian Council.
  8886 | D:9      | Identified the +1 ring mail "Yfax" {Fly rCorr Int+4 SInv}
  9037 | D:10     | Entered Level 10 of the Dungeon
  9050 | D:10     | Noticed a two-headed ogre
  9060 | D:10     | Killed a two-headed ogre
  9063 | D:10     | Noticed a two-headed ogre
 10329 | D:10     | Killed a two-headed ogre
 10330 | D:10     | Acquired the +5 pair of gloves "Giuv" {rC+ Str+2 Int+2}
 10376 | D:11     | Noticed a white ugly thing
 10398 | D:11     | Killed a white ugly thing
 10409 | D:11     | Noticed a cyclops
 10416 | D:11     | Killed a cyclops
 10522 | D:10     | Reached XP level 12. HP: 81/81 MP: 12/12
 10555 | D:11     | Reached *** piety under Makhleb
 10614 | D:11     | Found a staircase to the Lair.
 10741 | D:11     | Noticed a two-headed ogre
 10746 | D:11     | Killed a two-headed ogre
 10879 | D:11     | Noticed a two-headed ogre
 10886 | D:11     | Killed a two-headed ogre
 10941 | D:11     | Found a staircase to the Orcish Mines.
 11506 | D:12     | Noticed a frost giant
 11576 | Orc:1    | Entered Level 1 of the Orcish Mines
 11587 | Orc:1    | Noticed Urug
 11614 | D:11     | Mangled by Urug

Illustrated notes

Levels and vault maps discovered:
D:1:      nzn_arrival_crosshair, layout_basic
D:2:      layout_basic, basic_altar,
          hellmonk_ecumenical_altar_pennies_from_heaven
D:3:      layout_basic, uniq_grinder
D:4:      layout_rooms, hellmonk_ghost_happy_afterlife, serial_shops, shop
D:5:      layout_basic, minmay_temple_entry_purple_smoke,
          nicolae_ossuary_entry_plus
D:6:      layout_loops_ring
D:7:      layout_loops_ring, uniq_joseph
D:8:      layout_basic
D:9:      layout_loops_cross, marbit_many_paths, serial_shops, shop, shop,
          nicolae_shop_hallway_plus, nicolae_take_the_stairs
D:10:     layout_roguey, serial_bayou_pond_b, st_stairs_2
D:11:     layout_basic, erik_lair_orcish_takeover, zombieorc1_lemuel
D:12:     layout_basic, serial_shops, shop, serial_undead, serial_undead_e,
          serial_undead_f, serial_undead_b, serial_undead_a,
          gammafunk_ghost_split, minivault_4
Temple:   roderic_octagonal_lattice_temple
Orc:1:    layout_caves, gammafunk_ghost_cemetery, mines3_lemuel, uniq_urug,
          uniq_snorg

Skill      XL: |  1  2  3  4  5  6  7  8  9 10 11 12 |
---------------+-------------------------------------+-----
Crossbows      | 6 7 8 9 10 11 13 | 13.8
Dodging        | 4 7 9 11 12 13 | 13.3
Stealth        | 3 4 6 |  6.0
Fighting       | 4 6 9 11 12 | 12.8

Action                   |  1- 3 |  4- 6 |  7- 9 | 10-12 || total
-------------------------+-------+-------+-------+-------++-------
Melee: Hand crossbow     |       |       |       |     2 ||     2
       Punch             |       |       |       |     1 ||     1
 Fire: Hand crossbow     |    61 |    64 |   275 |   591 ||   991
Throw: Throwing net      |       |       |       |     3 ||     3
Evoke: Wand              |       |       |       |     1 ||     1
  Use: Scroll            |     8 |    10 |     3 |    10 ||    31
       Potion            |       |       |       |     6 ||     6
Armor: Leather armour    |     2 |     2 |    13 |     9 ||    26
       Troll leather arm |       |       |       |    31 ||    31
       Ring mail         |       |       |       |     7 ||     7
Dodge: Dodged            |     4 |    10 |    96 |   389 ||   499
Block: Other             |     3 |     5 |    20 |    70 ||    98
       Reflection        |       |       |     1 |     7 ||     8

Table legend: (Time is in decaauts)
 A = Elapsed time spent in this place.
 B = Non-inter-level travel time spent in this place.
 C = Inter-level travel time spent in this place.
 D = Time resting spent in this place.
 E = Time spent auto-exploring this place.
 F = Levels seen in this place.
 G = Mean time per level.
                   A        B        C        D        E       F      G
               +--------+--------+--------+--------+--------+-----+--------+
         Total |  11660 |  11046 |    614 |   2119 |   6945 |  15 |  777.3 |
       Dungeon |  10781 |  10203 |    578 |   1912 |   6501 |  12 |  898.4 |
        Temple |    376 |    341 |     35 |      0 |    319 |   1 |  376.0 |
  Orcish Mines |      7 |      7 |      0 |      0 |      0 |   1 |    7.0 |
       Ossuary |    494 |    494 |      0 |    207 |    125 |   1 |  494.0 |
               +--------+--------+--------+--------+--------+-----+--------+

Top non-repeatable levels by time:
     D:9: 1490 daAuts
    D:11: 1175 daAuts
    D:10: 1135 daAuts
     D:6: 1033 daAuts
     D:5: 982 daAuts
     D:3: 953 daAuts
     D:7: 936 daAuts
     D:8: 900 daAuts
     D:1: 787 daAuts
     D:2: 687 daAuts
     D:4: 655 daAuts
 Ossuary: 494 daAuts
  Temple: 376 daAuts
    D:12: 42 daAuts
   Orc:1: 7 daAuts
